 Dungeon Crawl Stone Soup version 0.19.4-10-g532645f (webtiles) character file.

236 Kosschaser the Bolt Thrower (level 6, -2/36 HPs)
             Began as a Kobold Hunter on Feb 23, 2017.
             Was an Initiate of Dithmenos.
             Slain by a worker ant (5 damage)
             ... on level 4 of the Dungeon.
             The game lasted 00:10:02 (4451 turns).

Kosschaser the Bolt Thrower (Kobold Hunter)         Turns: 4451, Time: 00:10:03

Health: -2/36      AC:  3    Str:  9    XL:     6   Next: 27%
Magic:  6/6        EV: 15    Int: 12    God:    Dithmenos [......]
Gold:   117        SH:  0    Dex: 18    Spells: 0 memorised, 5 levels left

rFire  . . .     SeeInvis .     b - +0 short sword
rCold  . . .     Gourm    .     c - +0 leather armour
rNeg   . . .     Faith    .     (shield restricted)
rPois  +         Spirit   .     (no helmet)
rElec  .         Reflect  .     (no cloak)
rCorr  .         Harm     .     (no gloves)
MR     .....                    (no boots)
Stlth  ++........               (no amulet)
                                (no ring)
                                k - ring of poison resistance

@: no status effects
A: carnivore 3
a: Renounce Religion


You were on level 4 of the Dungeon.
You worshipped Dithmenos.
Dithmenos was noncommittal.
You were full.

You visited 1 branch of the dungeon, and saw 4 of its levels.

You collected 117 gold pieces.

Inventory:

Hand Weapons
 a - a +1 hand crossbow
 b - a +0 short sword (weapon)
Missiles
 d - 20 bolts
Armour
 c - a +0 leather armour (worn)
Jewellery
 k - a ring of poison resistance (left hand)
 u - an uncursed ring of protection from fire {unknown}
Scrolls
 g - 2 scrolls of identify {unknown}
 h - a scroll of magic mapping {unknown}
 j - 2 scrolls of remove curse {unknown}
 l - a scroll of amnesia {unknown}
 n - a scroll of fear {unknown}
 o - a scroll of enchant armour {unknown}
 p - a scroll of enchant weapon {unknown}
 t - a scroll of fog {unknown}
Potions
 e - a potion of flight {unknown}
 i - 3 potions of curing {unknown}
 m - 2 potions of ambrosia {unknown}
 q - a potion of brilliance {unknown}
 r - a potion of mutation {unknown}
Comestibles
 f - 3 meat rations
 s - a slice of pizza


   Skills:
 + Level 2.9 Fighting
 + Level 1.6 Short Blades
 + Level 6.6 Crossbows
 + Level 1.4 Armour
 + Level 3.1 Dodging
 * Level 3.7 Stealth


You had 5 spell levels left.
You didn't know any spells.

Dungeon Overview and Level Annotations

Branches:
Dungeon (4/15)
 Temple: D:4-7

Altars:
Dithmenos

Annotations:
D:4 Menkaure


Innate Abilities, Weirdness & Mutations

You are small and have problems with some larger weapons.
You are carnivorous and can eat meat at any time.


Message History

You closely miss the worker ant.
The worker ant is heavily wounded.
The worker ant bites you.
* * * LOW HITPOINT WARNING * * *
You feel sick. The worker ant misses you.
The worker ant waves its antennae.
You feel sick. The worker ant barely misses you.
Found 2 viscous grey potions.
You see here a tubular marble ring.
u - a tubular marble ring The worker ant bites you.
* * * LOW HITPOINT WARNING * * *
You feel sick.
You are no longer poisoned.
The worker ant misses you. The worker ant bites you.
* * * LOW HITPOINT WARNING * * *
The worker ant bites you.
You die...

# ###### # ###
#....###### #..
#....#....# #.. ###
#..[.#....#
#..###.####### #..##....#
#....#.......###........#
#...a@...............#
##.####...###.##.....#
#.# #..#.....##......
##.###.##.##.....#####
#....#.##.##.....# .
#....#.##.##....## #.
#......##.......# #.
..........#######....##
#. .!..#......# #.....##
#.


You could see a worker ant.

Vanquished Creatures
  A hound (D:4)
  3 worker ants (D:4)
  6 adders
  An ooze (D:1)
  A worm (D:2)
  3 dart slugs
  4 leopard geckos
  3 orcs
  3 giant cockroaches (D:2)
  6 goblins
  7 hobgoblins
  4 jackals (D:3)
  A quokka (D:3)
  2 ball pythons
  4 bats
  2 frilled lizards (D:1)
  9 kobolds
  5 rats
65 creatures vanquished.

Notes
Turn   | Place    | Note
-------+----------+-------------------------------------------
     0 | D:1      | Kosschaser the Kobold Hunter began the quest for the Orb.
     0 | D:1      | Reached XP level 1. HP: 12/12 MP: 1/1
    55 | D:1      | Reached skill level 5 in Crossbows
    87 | D:1      | Reached XP level 2. HP: 17/17 MP: 2/2
   597 | D:1      | Reached XP level 3. HP: 15/21 MP: 3/3
  1284 | D:2      | Reached XP level 4. HP: 18/26 MP: 4/4
  1708 | D:2      | Reached skill level 6 in Crossbows
  2492 | D:3      | Reached skill level 1 in Armour
  2967 | D:3      | Found a shadowy altar of Dithmenos.
  2979 | D:3      | Became a worshipper of Dithmenos the Shadowed
  3053 | D:3      | Reached XP level 5. HP: 31/31 MP: 5/5
  3572 | D:4      | Reached skill level 1 in Short Blades
  3598 | D:4      | Noticed Menkaure
  4003 | D:4      | Reached XP level 6. HP: 20/36 MP: 6/6
  4451 | D:4      | Slain by a worker ant

Skill      XL: |  1  2  3  4  5 |
---------------+----------------+-----
Crossbows      | 5 6 |  6.6
Stealth        | 2 3 |  3.7
Armour         | 1 |  1.4
Short Blades   | 1 |  1.6
Dodging        | 3 |  3.1
Fighting       | |  2.9

Action                   |  1- 3 |  4- 6 || total
-------------------------+-------+-------++-------
Melee: Short sword       |    20 |   102 ||   122
 Fire: Hand crossbow     |    43 |    67 ||   110
 Stab: Sleeping          |     1 |       ||     1
  Eat: Chunk             |     2 |    14 ||    16
Armor: Leather armour    |     4 |    11 ||    15
Dodge: Dodged            |    13 |   113 ||   126
